 Dungeon Crawl Stone Soup version 0.32-a0-172-gc5dd13f2a7 (webtiles) character file.

Game seed: 5977890146242665575

1750 910rd the Covert (level 9, -17/82 HPs)
             Began as a Naga Enchanter on Feb 13, 2024.
             Was a Follower of Cheibriados.
             Demolished by an ogre
             ... wielding a +0 giant spiked club
              (27 damage)
             ... on level 7 of the Dungeon.
             The game lasted 00:20:51 (6580 turns).

910rd the Covert (Naga Enchanter)                   Turns: 6580, Time: 00:20:53

Health: -17/82     AC: 10    Str: 14    XL:     9   Next: 6%
Magic:  17/21      EV:  8    Int: 25    God:    Cheibriados [*.....]
Gold:   1004       SH:  0    Dex: 13    Spells: 7/12 levels left

rFire   . . .        a - +2 dagger (drain)
rCold   . . .        (no shield)
rNeg    . . .        b - +0 robe
rPois   +            x - +0 helmet
rElec   .            (no cloak)
rCorr   .            u - +0 pair of gloves
SInv    +            c - +0 barding {Fly}
Will    +....        l - amulet of magic regeneration
Stlth   ++++         m - ring of magical power
HPRegen 0.33/turn    E - +6 ring of intelligence
MPRegen 0.57/turn

%: no passive effects
@: flying, very slow
A: AC +3, large, see invisible, deformed body, poison resistance, slowness 2,
spit poison 1, naga tail 1, dopey 1, MP-powered wands
a: Spit Poison, Renounce Religion, Bend Time


You were on level 7 of the Dungeon.
You worshipped Cheibriados.
Cheibriados was aware of your devotion.
You visited 2 branches of the dungeon, and saw 8 of its levels.

You collected 1004 gold pieces.

Inventory:

Hand Weapons
 a - a +2 dagger of draining (weapon)
 i - a +3 short sword of draining
 q - a +2 flail of protection
 w - a +1 trident of venom
 z - a +2 whip of venom
Missiles
 j - 2 poisoned darts
 H - 6 javelins
Armour
 b - a +0 robe (worn)
 c - a +0 barding of flying (worn)
 u - a +0 pair of gloves (worn)
 x - a +0 helmet (worn)
Magical Staves
 y - a staff of cold
Jewellery
 d - a ring of ice
 l - an amulet of magic regeneration (around neck)
 m - a ring of magical power (left hand)
 o - a ring of positive energy
 D - a ring of positive energy
 E - a +6 ring of intelligence (right hand)
 G - a ring of magical power
Wands
 v - a wand of flame (30)
Scrolls
 e - 2 scrolls of teleportation
 g - a scroll of vulnerability
 s - a scroll of revelation
 B - 2 scrolls of poison
Potions
 f - a potion of resistance
 h - a potion of enlightenment
 k - a potion of lignification
 n - a potion of cancellation
 p - 2 potions of attraction
 r - 2 potions of curing
 t - a potion of magic
 F - a potion of might


   Skills:
 - Level 6.0 Fighting
 - Level 5.0 Short Blades
 + Level 3.3 Dodging
 - Level 8.0 Stealth
 - Level 2.0 Spellcasting
 - Level 3.0 Hexes
 - Level 3.0 Ice Magic
 - Level 5.0 Invocations


You had 7 spell levels left.
You knew the following spells:

 Your Spells              Type           Power      Damage    Failure   Level
a - Ensorcelled Hibernat  Hex/Ice        34%        N/A       4%          2
b - Passwall              Erth           2%         N/A       32%         3

Your spell library contained the following spells:

 Spells                   Type           Power      Damage    Failure   Level
 Confusing Touch          Hex            17%        N/A       10%         3
 Tukima's Dance           Hex            17%        N/A       10%         3
 Kiss of Death            Conj/Necr      8%         2d6       11%         1
 Dazzling Flash           Conj/Hex       20%        N/A       19%         3
 Swiftness                Air            2%         N/A       32%         3
 Dispel Undead            Necr           2%         3d7       73%         4


Dungeon Overview and Level Annotations

Branches:
Dungeon (7/15)             Temple (1/1) D:5

Altars:
Ashenzari
Cheibriados
Dithmenos
Elyvilon
Fedhas
Gozag
Hepliaklqana
Kikubaaqudgha
Nemelex Xobeh
Ru
Uskayaw
Vehumet
Wu Jian
Xom
Yredelemnul
Zin
The Shining One

Annotations:
D:4 1 transporter, Azoth's ghost, amateur HuHu
D:7 exclusion: cyclops


Innate Abilities, Weirdness & Mutations

Your serpentine skin is tough. (AC +3)
You have supernaturally acute eyesight. (SInv)
Armour fits poorly on your strangely shaped body.
Your system is resistant to poisons. (rPois)
You cover ground very slowly.
You can spit poison.
You have a snake-like lower body.
You are dopey. (Int -2)
You expend magic power (3 MP) to strengthen your wands.


Message History

Aiming: Ensorcelled Hibernation (safe; 4% risk of failure)
Press: ? - help, Shift-Dir - straight line, f - ogre
Aim: an ogre, wielding a +0 giant spiked club (lightly wounded, chance to affect: 50%)
The ogre resists with some effort.
The ufetubus barely misses you. The ufetubus closely misses you. x2
The ufetubus hits you but does no damage.
The ufetubus hits you. The ufetubus closely misses you.
The ogre hits you with a +0 giant spiked club!!
Casting: Ensorcelled Hibernation (safe; 4% risk of failure)
Confirm with . or Enter, or press ? or * to list all spells.
Aiming: Ensorcelled Hibernation (safe; 4% risk of failure)
Press: ? - help, Shift-Dir - straight line, f/p - ogre
Aim: an ogre, wielding a +0 giant spiked club (lightly wounded, chance to affect: 50%)
The ogre resists with some effort.
The ufetubus hits you but does no damage.
The ufetubus completely misses you.
The ufetubus hits you but does no damage.
The ufetubus hits you.
The ufetubus hits you but does no damage. x2
Casting: Ensorcelled Hibernation (safe; 4% risk of failure)
Confirm with . or Enter, or press ? or * to list all spells.
Aiming: Ensorcelled Hibernation (safe; 4% risk of failure)
Press: ? - help, Shift-Dir - straight line, f/p - ogre
Aim: an ogre, wielding a +0 giant spiked club (lightly wounded, chance to affect: 50%)
The ogre resists with some effort.
The ufetubus hits you.
The ufetubus hits you but does no damage.
The ogre hits you with a +0 giant spiked club!!
* * * LOW HITPOINT WARNING * * *
The ufetubus barely misses you.
The ufetubus hits you but does no damage. x3
Okay, then.
You feel better. The ufetubus hits you.
* * * LOW HITPOINT WARNING * * *
The ufetubus hits you.
* * * LOW HITPOINT WARNING * * *
The ufetubus hits you but does no damage.
The ufetubus barely misses you.
The ogre hits you with a +0 giant spiked club!!
You die...
Cheibriados appreciates the motionlessness of death.

#.... .. ####.###
.!##### #####....#
.....####.....##.#
#....##..######.#
#.....#.## #.#
#.....#!# ..#
#.5...#.#####.###
#.@..>........#
#O5.....#######
#.......#
#./.....#
#.......#
#....#### #$...#
######


You could see an ogre and 2 ufetubi.

Vanquished Creatures
  Grinder (D:3)
  Prince Ribbit (D:5)
  Sigmund (D:4)
  A black bear (D:6)
  A sky beast (D:7)
  An ogre (D:5)
  A centaur (D:5)
  2 scorpions (D:4)
  A howler monkey (D:6)
  A jelly (D:5)
  An orc priest (D:4)
  A gnoll bouda (D:6)
  3 hounds (D:6)
  3 iguanas
  2 sleepcaps
  Robin (D:3)
  9 adders
  19 gnolls
  A shadow imp (D:5)
  2 ufetubi (D:6)
  2 dart slugs
  A ribbon worm (D:2)
  5 orcs
  4 ball pythons
  7 endoplasms
  8 giant cockroaches
  16 goblins
  5 hobgoblins
  10 jackals (D:1)
  7 kobolds
  2 quokkas
  6 bats
  4 frilled lizards
  5 rats
135 creatures vanquished.

Notes
Turn   | Place    | Note
-------+----------+-------------------------------------------
     0 | D:1      | 910rd the Naga Enchanter began the quest for the Orb.
     0 | D:1      | Reached XP level 1. HP: 15/15 MP: 3/3
    87 | D:1      | Reached skill level 5 in Stealth
   101 | D:1      | Reached XP level 2. HP: 6/24 MP: 5/5
   229 | D:1      | Reached skill level 1 in Fighting
   305 | D:1      | Learned a level 2 spell: Ensorcelled Hibernation
   422 | D:1      | Reached skill level 1 in Ice Magic
   600 | D:1      | Reached XP level 3. HP: 13/31 MP: 6/6
   708 | D:1      | You fall into a shaft and drop 1 floor!
  2014 | D:2      | Reached skill level 6 in Stealth
  2048 | D:2      | Reached XP level 4. HP: 38/38 MP: 5/7
  2370 | D:2      | Reached XP level 5. HP: 22/45 MP: 1/8
  2511 | D:2      | Found a faded altar of an unknown god.
  2824 | D:3      | Noticed Grinder
  2851 | D:3      | Killed Grinder
  2852 | D:3      | Reached skill level 8 in Stealth
  2852 | D:3      | Reached XP level 6. HP: 17/56 MP: 9/9
  3056 | D:3      | Noticed Robin
  3079 | D:3      | Killed Robin
  3785 | D:4      | Identified a scroll of acquirement
  3816 | D:4      | Noticed Azoth's ghost (amateur HuHu)
  3816 | D:4      | Identified the +1 giant club "Roran" {protect, Dex+3}
  3816 | D:4      | Found a transporter.
  3859 | D:4      | Noticed Sigmund
  3862 | D:4      | Acquired 655 gold pieces
  3864 | D:4      | Acquired a +0 barding of flying
  3884 | D:4      | Killed Sigmund
  3885 | D:4      | Reached XP level 7. HP: 66/66 MP: 8/10
  4013 | D:4      | Reached skill level 5 in Fighting
  4241 | D:4      | Found a broken altar of Ashenzari.
  4562 | D:4      | Learned a level 3 spell: Passwall
  4672 | D:5      | Entered Level 5 of the Dungeon
  4672 | D:5      | Noticed Prince Ribbit
  4678 | D:5      | Killed Prince Ribbit
  4679 | D:5      | Reached XP level 8. HP: 69/74 MP: 11/11
  4733 | D:5      | Found a staircase to the Ecumenical Temple.
  4748 | Temple   | Entered the Ecumenical Temple
  4762 | Temple   | Became a worshipper of Cheibriados the Contemplative
  5136 | D:5      | Reached skill level 5 in Short Blades
  5301 | D:5      | Reached skill level 1 in Invocations
  5475 | D:6      | Reached * piety under Cheibriados
  5673 | D:6      | Found a radiant altar of Vehumet.
  5933 | D:6      | Gained mutation: You are dopey. (Int -2) [potion of
                  | mutation]
  5933 | D:6      | Gained mutation: You expend magic power (3 MP) to
                  | strengthen your wands. [potion of mutation]
  6202 | D:6      | Reached XP level 9. HP: 9/82 MP: 12/12
  6444 | D:7      | Noticed a cyclops
  6516 | D:7      | Reached skill level 5 in Invocations
  6579 | D:7      | HP: 3/82 [ogre/+0 giant spiked club (23)]
  6580 | D:7      | Demolished by an ogre

Illustrated notes

Levels and vault maps discovered:
D:1:      ldierk_walled_garden_2, layout_loops_ring
D:2:      layout_loops_ring, shapermc_ecumenical_altar_notcrosses
D:3:      layout_loops_ring, uniq_grinder, uniq_robin
D:4:      layout_loops_cross, mainiacjoe_overflow_brackets,
          gammafunk_ghost_smash, hangedman_abyss_or_decor_passed,
          due_unseen_surprise, uniq_sigmund
D:5:      layout_basic, minmay_temple_entry_arrows, uniq_prince_ribbit1
D:6:      layout_rooms, vehumet_altar_wand_db
D:7:      layout_basic, serial_park_tiny_1, lemuel_flamethrower_1
Temple:   nicolae_temple_bog_church

Skill      XL: |  1  2  3  4  5  6  7  8  9 |
---------------+----------------------------+-----
Stealth        | 5 6 8 |  8.0
Fighting       | 1 2 3 4 5 6 |  6.0
Ice Magic      | 1 2 3 |  3.0
Dodging        | 2 3 |  3.3
Short Blades   | 2 4 5 |  5.0
Invocations    | 4 5 |  5.0
Spellcasting   | |  2.0
Hexes          | |  3.0

Action                     |  1- 3 |  4- 6 |  7- 9 || total
---------------------------+-------+-------+-------++-------
  Melee: Dagger            |   102 |    66 |    64 ||   232
         Short sword       |       |    15 |    59 ||    74
   Cast: Ensorcelled Hiber |    10 |    30 |    55 ||    95
         Passwall          |       |       |     2 ||     2
Ability: Spit Poison       |    21 |    22 |    18 ||    61
  Evoke: Wand              |       |       |     2 ||     2
    Use: Potion            |     2 |     4 |     4 ||    10
         Scroll            |     1 |     6 |    13 ||    20
   Stab: Invisible         |     1 |     1 |       ||     2
         Sleeping          |    13 |    20 |    27 ||    60
 Armour: Robe              |    88 |    41 |   210 ||   339
  Dodge: Dodged            |    60 |    29 |   103 ||   192

Table legend: (Time is in decaauts)
 A = Elapsed time spent in this place.
 B = Non-inter-level travel time spent in this place.
 C = Inter-level travel time spent in this place.
 D = Time resting spent in this place.
 E = Time spent auto-exploring this place.
 F = Levels seen in this place.
 G = Mean time per level.
                   A        B        C        D        E       F      G
               +--------+--------+--------+--------+--------+-----+--------+
         Total |   8571 |   8226 |    345 |    613 |   5832 |   8 | 1071.4 |
       Dungeon |   8517 |   8172 |    345 |    613 |   5832 |   7 | 1216.7 |
        Temple |     54 |     54 |      0 |      0 |      0 |   1 |   54.0 |
               +--------+--------+--------+--------+--------+-----+--------+

Top non-repeatable levels by time:
     D:1: 2341 daAuts
     D:6: 1346 daAuts
     D:2: 1261 daAuts
     D:3: 1246 daAuts
     D:4: 1123 daAuts
     D:5: 981 daAuts
     D:7: 216 daAuts
  Temple: 54 daAuts
